 Dungeon Crawl Stone Soup version 0.28.0-53-g5a82cb258f (webtiles) character file.

Game seed: 6012300317840522156

150 styxcanada the Covert (level 5, -1/26 HPs)
             Began as a Spriggan Brigand on Aug 21, 2022.
             Slain by an orc
             ... wielding a +0 dagger
              (3 damage)
             ... on level 3 of the Dungeon.
             The game lasted 00:08:50 (2572 turns).

styxcanada the Covert (Spriggan Brigand)            Turns: 2572, Time: 00:08:51

Health: -1/26      AC:  3    Str:  7    XL:     5   Next: 10%
Magic:  6/6        EV: 17    Int: 13    God:
Gold:   59         SH:  0    Dex: 18    Spells: 4/4 levels left

rFire   . . .      SeeInvis +   a - +2 dagger
rCold   . . .      Faith    .   (no shield)
rNeg    . . .      Spirit   .   b - +0 robe
rPois   .          Reflect  .   (helmet restricted)
rElec   .          Harm     .   c - +0 cloak
rCorr   .          Rampage  .   (gloves unavailable)
Will    .....                   (boots unavailable)
Stlth   ++++......              (no amulet)
HPRegen 0.08/turn               (no ring)
MPRegen 0.10/turn               (no ring)

@: very quick
A: very small, no large weapons, unfitting armour, see invisible, speed 3
a: no special abilities


You were on level 3 of the Dungeon.
You visited 1 branch of the dungeon, and saw 3 of its levels.

You collected 59 gold pieces.

Inventory:

Hand Weapons
 a - a +2 dagger (weapon)
 k - a +0 dagger of draining
Missiles
 d - 2 poisoned darts (quivered)
 i - 24 sling bullets
 j - 71 stones
Armour
 b - a +0 robe (worn)
 c - a +0 cloak (worn)
Magical Staves
 h - a staff of poison
Scrolls
 g - a scroll of blinking {unknown}
 l - 2 scrolls of identify {unknown}
 m - a scroll of teleportation {unknown}
 o - a scroll of fog {unknown}
 q - a scroll of brand weapon {unknown}
 r - a scroll of noise {unknown}
Potions
 f - a potion of brilliance {unknown}
 n - 2 potions of attraction {unknown}
 p - a potion of heal wounds {unknown}


   Skills:
 * Level 2.2 Fighting
 + Level 3.0 Short Blades
 + Level 2.4 Throwing
 * Level 2.5 Dodging
 * Level 8.0 Stealth


You had 4 spell levels left.
You didn't know any spells.
Your spell library was empty.

Dungeon Overview and Level Annotations

Branches:
Dungeon (3/15)

Altars:
Cheibriados

Shops:
D:3 [


Innate Abilities, Weirdness & Mutations

You are very small and have problems with some larger weapons.
You are too small for most types of armour.
You have supernaturally acute eyesight. (SInv)
You cover ground extremely quickly. (Speed+++)


Message History

You see here a curare-tipped dart.
Things that are here:
3 poisoned darts; an adder corpse Throw: dart (poison)
Press: ? - help, Q - select action, (/) - cycle Shift-Dir - straight line, f/p - orc
Aim: an orc, wielding a +0 dagger, wearing the +5 scale mail of Ru's Favour {rPois rF++} and quivering boomerangs (moderately wounded, 66% to hit)
You throw a poisoned dart.
The poisoned dart barely misses the orc.
The orc throws a boomerang.
The boomerang barely misses you.
Throw: dart (curare)
Press: ? - help, Q - select action, (/) - cycle Shift-Dir - straight line, f/p - orc
Aim: an orc, wielding a +0 dagger, wearing the +5 scale mail of Ru's Favour {rPois rF++} and quivering boomerangs (moderately wounded, 66% to hit)
You throw a curare-tipped dart. The curare-tipped dart hits the orc.
The orc is moderately wounded.
The orc throws a boomerang.
The boomerang misses you.
d - 3 poisoned darts Throw: 3 darts (poison)
Press: ? - help, Q - select action, (/) - cycle Shift-Dir - straight line, f/p - orc
Aim: an orc, wielding a +0 dagger, wearing the +5 scale mail of Ru's Favour {rPois rF++} and quivering boomerangs (moderately wounded, 66% to hit)
You throw a poisoned dart.
The poisoned dart closely misses the orc.
You see here a curare-tipped dart.
The orc hits you with a +0 dagger.
* * * LOW HITPOINT WARNING * * *
You see here 2 stones.
You hit the orc but do no damage.
The orc is lightly wounded.
The orc hits you but does no damage.
You hit the orc but do no damage.
The orc is lightly wounded.
The orc closely misses you.
You barely miss the orc.
The orc is lightly wounded.
You hit the orc but do no damage.
The orc is lightly wounded.
The orc closely misses you.
You hit the orc but do no damage.
The orc is lightly wounded.
The orc hits you with a +0 dagger.
You die...

#####.###.##........#.#
######......##.#####..8.∩.<.
#...†...##..##.#####.#.###.#
#.####..#.........(..# ..
#.####..#...##......## ##
#....#..##..##.##o#.#
#..#....(......##.#)#
#..r........#####.#.###
##.#######.†(@o.(.(...# #.#
#.<.....##.##.#.# #####.##
#...............#
#......###........#.##...#
#....#............#......#
#........≈≈.≈≈....#..##..#
#......≈..≈.≈..≈..#......#
#......≈≈.....≈≈........##
###.#.....r_......##.####


You could see an orc.

Vanquished Creatures
  2 bullfrog skeletons (D:3)
  6 adders
  A worm (D:2)
  An orc (D:3)
  2 endoplasms
  A giant cockroach (D:1)
  8 goblins
  4 hobgoblins
  4 kobolds (D:1)
  A quokka (D:1)
  3 ball pythons
  2 frilled lizards
  5 rats
40 creatures vanquished.

Notes
Turn   | Place    | Note
-------+----------+-------------------------------------------
     0 | D:1      | styxcanada the Spriggan Brigand began the quest for the
                  | Orb.
     0 | D:1      | Reached XP level 1. HP: 10/10 MP: 2/2
     2 | D:1      | Noticed a spriggan
     2 | D:1      | Noticed a human
     4 | D:1      | Noticed a demigod
     4 | D:1      | Noticed a draconian
     6 | D:1      | Noticed a vampire
     8 | D:1      | Noticed a dwarf
     8 | D:1      | Noticed a felid
    10 | D:1      | Noticed a merfolk
    12 | D:1      | Noticed an octopode
    14 | D:1      | Noticed a formicid
    14 | D:1      | Noticed a ghoul
    16 | D:1      | Noticed a demonspawn
    18 | D:1      | Noticed a troll
    18 | D:1      | Noticed an ogre
    20 | D:1      | Noticed a tengu
    20 | D:1      | Noticed a vine stalker
    22 | D:1      | Noticed a minotaur
    24 | D:1      | Noticed a gargoyle
    24 | D:1      | Noticed a naga
    26 | D:1      | Noticed an elf
    62 | D:1      | Reached skill level 6 in Stealth
   321 | D:1      | Reached XP level 2. HP: 14/15 MP: 3/3
   398 | D:1      | Found a faded altar of an unknown god.
  1182 | D:2      | Reached XP level 3. HP: 7/18 MP: 4/4
  1391 | D:2      | Reached skill level 7 in Stealth
  1823 | D:2      | Reached XP level 4. HP: 23/23 MP: 5/5
  1977 | D:3      | Found a snail-covered altar of Cheibriados.
  2013 | D:3      | Found Zoinanub's Antique Armour Emporium.
  2058 | D:3      | Identified the +5 scale mail of Ru's Favour {rPois rF++}
  2185 | D:3      | HP: 1/23 [bullfrog skeleton (4)]
  2190 | D:3      | Reached XP level 5. HP: 2/26 MP: 6/6
  2530 | D:3      | Reached skill level 8 in Stealth
  2572 | D:3      | Slain by an orc

Illustrated notes

Levels and vault maps discovered:
D:1:      kb_arrival_jail, layout_loops_ring, dreamdust_ecumenical_altar_grove
D:2:      layout_loops_ring, minmay_misc_feat_more_columns
D:3:      layout_loops_cross, mainiacjoe_overflow_small_starburst, serial_shops,
          shop_statue, uniq_robin

Skill      XL: |  1  2  3  4  5 |
---------------+----------------+-----
Stealth        | 6 7 8 |  8.0
Fighting       | 2 |  2.2
Dodging        | 2 |  2.5
Short Blades   | 3 |  3.0
Throwing       | |  2.4

Action                   |  1- 3 |  4- 6 || total
-------------------------+-------+-------++-------
Melee: Dagger            |    89 |    80 ||   169
       Punch             |       |     2 ||     2
Throw: Dart              |    17 |    28 ||    45
       Stone             |       |     2 ||     2
 Stab: Sleeping          |     8 |     3 ||    11
Armor: Robe              |    11 |     7 ||    18
Dodge: Dodged            |    63 |    78 ||   141
